 Dungeon Crawl Stone Soup version 0.17.1-2-g5865329 (webtiles) character file.

386 Mysteryquy the Slasher (level 7, -10/52 HPs)
             Began as a Human Fighter on Feb 8, 2016.
             Killed by divine providence
             ... invoked by an orc priest
              (14 damage)
             ... on level 4 of the Dungeon on Feb 9, 2016.
             The game lasted 00:05:41 (3401 turns).

Mysteryquy the Slasher (Human Fighter)              Turns: 3401, Time: 00:05:41

Health: -10/52     AC:  7    Str: 18    XL:     7   Next: 6%
Magic:  7/7        EV:  7    Int: 11    God:
Gold:   164        SH:  9    Dex: 12    Spells: 0 memorised, 6 levels left

rFire  . . .     SeeInvis .     a - +0 long sword
rCold  . . .     Clarity  .     b - +0 scale mail
rNeg   . . .     SustAt   .     c - +0 shield
rPois  .         Gourm    .     v - +1 hat
rElec  .         Spirit   .     (no cloak)
rCorr  .         Warding  .     y - -1 pair of gloves "Vyg Qof" {Int+2}
rMut   .         Stasis   .     g - -2 pair of boots (curse)
MR     .....                    (no amulet)
Stlth  ..........               (no ring)
                                (no ring)

@: not resistant to hostile enchantments, extremely unstealthy
A: no striking features
a: no special abilities


You were on level 4 of the Dungeon.
You were hungry.

You visited 1 branch of the dungeon, and saw 4 of its levels.

You collected 164 gold pieces.

Inventory:

Hand Weapons
 a - a +0 long sword (weapon)
Armour
 b - a +0 scale mail (worn)
 c - a +0 shield (worn)
 g - a cursed -2 pair of boots (worn)
 v - a +1 hat (worn)
 y - the -1 pair of gloves "Vyg Qof" (worn) {Int+2}
   (You found it on level 4 of the Dungeon)

   It affects your intelligence (+2).
Jewellery
 B - a cursed -2 ring of protection {unknown}
Wands
 t - a wand of frost (32)
Scrolls
 f - 3 scrolls of identify {unknown}
 h - 3 scrolls of remove curse {unknown}
 m - 2 scrolls of recharging {unknown}
 n - a scroll of teleportation {unknown}
 p - 2 scrolls of enchant weapon {unknown}
 r - a scroll of magic mapping {unknown}
 w - a scroll of noise {unknown}
Potions
 k - a potion of agility {unknown}
 l - a potion of lignification {unknown}
 o - a potion of heal wounds {unknown}
 q - 3 potions of haste
 s - 2 potions of curing {unknown}
 u - a potion of cancellation {unknown}
 z - 2 potions of invisibility {unknown}
Books
 d - a book of Power

   Spells                             Type                      Level
   a - Fulminant Prism                Conjuration/Hexes            4
   b - Iskenderun's Mystic Blast      Conjuration                  4
   c - Venom Bolt                     Conjuration/Poison           5
   d - Bolt of Magma                  Conjuration/Fire/Earth       5
   e - Iron Shot                      Conjuration/Earth            6
   f - Orb of Destruction             Conjuration                  7
   g - Spellforged Servitor           Conjuration/Summoning        7
Comestibles
 e - 3 bread rations
 i - a royal jelly
 j - 3 slices of pizza
 x - a beef jerky
 A - a fruit


   Skills:
 - Level 3.0 Fighting
 + Level 7.0 Long Blades
 - Level 3.0 Armour
 - Level 3.0 Shields


You had 6 spell levels left.
You didn't know any spells.

Dungeon Overview and Level Annotations

Branches:
Dungeon (4/15)
 Temple: D:4-7

Altars:
Ashenzari
Dithmenos


Message History

The orc priest is severely wounded.
The orc priest calls down the wrath of Beogh upon you.
Pain shoots through your body!
You're too confused to move!
The orc priest hits you but does no damage.
Something hits you but does no damage. The orc hits you but does no damage.
You bump into the rock wall.
You feel less confused. You block the orc priest's attack.
You block its attack. You block the orc's attack. Something hits you.
The orc priest miscasts a cantrip.
The orc priest invokes the aid of Beogh against you.
Something smites you!
* * * LOW HITPOINT WARNING * * *
An orc wizard appears from thin air!
Reactivating autopickup.
The orc priest invokes the aid of Beogh against you.
Something smites you!
You die...

#.o# #..........#
#.......... #.##
#.###.##.### #..########
#{# #.# #.#.#.##
#.<........ ###.# #.#
#..###.####.#########
.##.# #.# #.##
##.............. .##.#
#.# #..###.####.#########
.##.# #.###.#.#.## #.#
.##.#####.##...#.## #.#
.....)>....o.o.o@.#####.#
###.######.#..o#........#
#..............########
########.#...###
####.......##.##
..............#
###############


You could see 2 orc priests, an orc wizard and an orc.

Vanquished Creatures
  A phantom (D:3)
  The ghost of Mysteryquy the Ruffian, an amateur DrTm (D:3)
  A crimson imp (D:3)
  Ijyb (D:3)
  3 adders
  4 gnolls (D:3)
  An ooze (D:2)
  3 worms
  5 giant geckos
  2 orcs
  2 ball pythons (D:2)
  A giant cockroach (D:2)
  9 goblins
  11 hobgoblins
  3 jackals (D:3)
  3 quokkas
  5 bats
  3 giant newts
  8 kobolds
  9 rats
76 creatures vanquished.

Notes
Turn   | Place    | Note
--------------------------------------------------------------
     0 | D:1      | Mysteryquy the Human Fighter began the quest for the Orb.
     0 | D:1      | Reached XP level 1. HP: 18/18 MP: 1/1
   126 | D:1      | Reached XP level 2. HP: 24/24 MP: 2/2
   483 | D:1      | Reached XP level 3. HP: 29/29 MP: 3/3
   779 | D:2      | Reached XP level 4. HP: 26/35 MP: 4/4
   810 | D:2      | Reached skill level 4 in Long Blades
  1630 | D:3      | Found a shattered altar of Ashenzari.
  1668 | D:3      | Noticed Mysteryquy's ghost (amateur DrTm)
  1680 | D:3      | Killed Mysteryquy's ghost
  1680 | D:3      | Reached skill level 5 in Long Blades
  1680 | D:3      | Reached XP level 5. HP: 26/41 MP: 5/5
  1810 | D:3      | Noticed a phantom
  1849 | D:3      | Killed a phantom
  1849 | D:3      | Reached skill level 6 in Long Blades
  1849 | D:3      | Reached XP level 6. HP: 16/47 MP: 6/6
  2653 | D:3      | Noticed Ijyb
  2679 | D:3      | Killed Ijyb
  2727 | D:3      | Reached skill level 7 in Long Blades
  2727 | D:3      | Reached XP level 7. HP: 37/52 MP: 7/7
  3090 | D:4      | Found a shadowy altar of Dithmenos.
  3289 | D:4      | Got a pair of smoking gloves
  3295 | D:4      | Identified the -1 pair of gloves "Vyg Qof" {Int+2} (You found it on level 4 of the Dungeon)
  3401 | D:4      | Killed from afar by an orc priest

Action                   |  1- 3 |  4- 6 |  7- 9 || total
-------------------------+-------+-------+-------++-------
Melee: Long sword        |   118 |   207 |    23 ||   348
  Use: Potion            |       |     1 |       ||     1
  Eat: Chunk             |       |     6 |     2 ||     8
